 Dungeon Crawl Stone Soup version 0.31-a0-152-g6aa68a64a1 (webtiles) character file.

Game seed: 17544474627085574053

701 qw the Skirmisher (level 7, -1/43 HPs)
             Began as a Gargoyle Hunter on June 10, 2023.
             Slain by a lemure (7 damage)
             ... led by Pikel
             ... on level 4 of the Dungeon.
             The game lasted 00:01:56 (3666 turns).

qw the Skirmisher (Gargoyle Hunter)                 Turns: 3666, Time: 00:01:56

Health: -1/43      AC: 15    Str: 14    XL:     7   Next: 66%
Magic:  7/7        EV: 11    Int: 12    God:
Gold:   1192       SH:  0    Dex: 15    Spells: 6/6 levels left

rFire   + . .        Y - +2 shortbow (freeze)
rCold   . . .        (shield currently unavailable)
rNeg    + . .        j - +0 ring mail
rPois   inf          (no helmet)
rElec   +            c - +1 cloak
rCorr   +            d - +2 pair of gloves of Vimoskiefo {rElec rF+ rCorr Int+2}
SInv    .            (no boots)
Will    .....        (no amulet)
Stlth   +            (no ring)
HPRegen 0.27/turn    (no ring)
MPRegen 0.10/turn

%: no passive effects
@: no status effects
A: sickness immunity, AC +4, negative energy resistance 1, electricity
resistance, torment resistance 1, petrification resistance
a: no special abilities


You were on level 4 of the Dungeon.
You visited 1 branch of the dungeon, and saw 4 of its levels.
You also visited: Sewer.

You collected 1192 gold pieces.


Innate Abilities, Weirdness & Mutations

You are immune to sickness and miasma.
Your stone body is resilient. (AC +4)
You are immune to poison.
You resist negative energy. (rN+)
You are resistant to electric shocks. (rElec)
You are resistant to unholy torment.
You are immune to petrification.


   Skills:
 + Level 4.2 Fighting
 - Level 8.1 Ranged Weapons
 - Level 2.1 Armour
 - Level 1.5 Dodging
 - Level 1.1 Stealth


You had 6 spell levels left.
You didn't know any spells.
Your spell library was empty.

Inventory:

Hand Weapons
 Y - a +2 shortbow of freezing (weapon)
Armour
 c - a +1 cloak (worn)
 d - the +2 pair of gloves of Vimoskiefo (worn) {rElec rF+ rCorr Int+2}
   (You acquired it on level 1 of the Dungeon)

   Int:       It affects your intelligence (+2).
   rF:        It protects you from fire.
   rElec:     It insulates you from electricity.
   rCorr:     It protects you from acid and corrosion.
 j - a +0 ring mail (worn)
Jewellery
 h - a ring of resist corrosion
Scrolls
 f - a scroll of vulnerability {unknown}
 m - 2 scrolls of identify
Potions
 b - a potion of attraction
 e - a potion of curing
 g - 2 potions of cancellation {unknown}
 i - a potion of resistance {unknown}
 k - a potion of berserk rage {unknown}
 l - a potion of haste {unknown}
 n - 2 potions of magic
 o - a potion of might {unknown}
 p - a potion of brilliance {unknown}
 r - a potion of mutation {unknown}

Dungeon Overview and Level Annotations

Branches:
Dungeon (4/15)              Sewer (visited)
 Temple: D:4-7

Altars:
Hepliaklqana
Sif Muna

Annotations:
D:4 2 runed translucent doors, Eustachio, Pikel


Message History

Pikel burns you. The lemure barely misses you.
Pikel hits you with a +2 whip of flaming.
Pikel burns you.
You shoot an arrow.
The arrow hits Pikel but does no damage.
Pikel is heavily wounded.
Pikel hits you with a +2 whip of flaming.
Pikel burns you. The lemure barely misses you.
You shoot an arrow. The arrow hits Pikel.
The arrow freezes Pikel.
Pikel is severely wounded.
The crimson imp barely misses you. Pikel hits you but does no damage.
Eustachio growls, "To hell with you, honourless miscreant!"
The lemure hits you but does no damage.
You shoot an arrow. The arrow barely misses Pikel.
The arrow misses the lemure.
You hear an angry hiss.
The crimson imp completely misses you.
The crimson imp blinks!
Pikel says, "Hell isn't that bad."
Pikel misses you. The lemure completely misses you.
An iguana comes into view.
You shoot an arrow. The arrow closely misses Pikel.
The arrow hits the lemure!
The arrow freezes the lemure.
The lemure is almost dead.
The crimson imp hits you but does no damage.
Pikel hits you with a +2 whip of flaming.
The lemure hits you but does no damage.
Eustachio casts a spell.
Eustachio blinks!
You shoot an arrow.
The arrow hits Pikel but does no damage.
Pikel is severely wounded.
The crimson imp hits you but does no damage.
Pikel closely misses you. The lemure hits you but does no damage.
You shoot an arrow. The arrow misses Pikel.
The arrow hits the lemure!
The arrow freezes the lemure.
You kill the lemure!
That felt strangely unrewarding.
The crimson imp barely misses you. x2
Pikel hits you with a +2 whip of flaming!
The lemure hits you!
You die...

#.....#.###.#.####.#.(#
#.........#........
#...........#.######
#.......?.....# .<
#........#...###.###
##..............)..#
#........##..##...#
#...........5######..
#............@K......
#...........55#.####.
######........l.#
####.@..##!.# #.##.#
..# #.##.# ... #..#..
.>.# ########## .###
###
....#....####.####.#


You could see Eustachio, Pikel, a lemure, an iguana and 2 crimson imps.

Vanquished Creatures
  A black bear (D:4)
  An ogre (D:3)
  3 lemures (D:4)
  2 bullfrogs (Sewer)
  2 jellies (D:4)
  Ijyb (D:3)
  Natasha (thrice) (D:3)
  An orc wizard (D:3)
  A river rat (D:3)
  6 adders
  A worm (D:3)
  2 dart slugs (D:1)
  10 orcs
  13 ball pythons
  4 bats
  6 endoplasms
  12 giant cockroaches
  10 hobgoblins
  8 jackals
  8 kobolds
  6 quokkas
  12 frilled lizards
  18 goblins
  10 rats
141 creatures vanquished.

Notes
Turn   | Place    | Note
-------+----------+-------------------------------------------
     0 | D:1      | qw the Gargoyle Hunter began the quest for the Orb.
     0 | D:1      | Reached XP level 1. HP: 12/12 MP: 1/1
     0 | D:1      | 0 ||| qw: Version: 0.2-a-123-gb51047a
     0 | D:1      | 0 ||| qw: Game counter: 3702
     0 | D:1      | 0 ||| qw: Always use a shield: true
     0 | D:1      | 0 ||| qw: God list: Okawaru
     0 | D:1      | 0 ||| qw: Allow faded altars: false
     0 | D:1      | 0 ||| qw: Do Orc after D:15 true
     0 | D:1      | 0 ||| qw: Do second Lair branch before Depths: true
     0 | D:1      | 0 ||| qw: Lair rune preference: random
     0 | D:1      | 0 ||| qw: Plans: Normal, Zot:1-4, Slime:5, God:TSO, Crypt,
                  | Tomb, Abyss, Pan, Hells, Win
     0 | D:1      | 0 ||| PLANNING D:1-11
   151 | D:1      | Reached XP level 2. HP: 17/17 MP: 2/2
   314 | D:1      | Reached XP level 3. HP: 21/21 MP: 3/3
   390 | D:1      | Reached skill level 5 in Ranged Weapons
   710 | D:1      | Found a faded altar of an unknown god.
   821 | D:1      | 821 ||| READING 2 scrolls labelled EPUIST IHEETE.
   824 | D:1      | 824 ||| READING scroll labelled JEANOSK BAIJU.
   825 | D:1      | 825 ||| READING scroll labelled JESINIFIVA.
   825 | D:1      | Identified a scroll of acquirement
   825 | D:1      | 825 ||| ACQUIRING +2 pair of gloves of Vimoskiefo {rElec
                  | rF+ rCorr Int+2}
   825 | D:1      | Acquired the +2 pair of gloves of Vimoskiefo {rElec rF+
                  | rCorr Int+2}
   827 | D:1      | 827 ||| UPGRADING to +2 pair of gloves of Vimoskiefo {rElec
                  | rF+ rCorr Int+2}.
   832 | D:1      | 832 ||| READING scroll labelled UMOTIJ MYCS.
   833 | D:1      | 833 ||| READING scroll labelled RUESOSTRELES.
   834 | D:1      | 834 ||| DROPPING scroll of butterflies.
   921 | D:2      | Reached skill level 3 in Fighting
  1194 | D:2      | Reached XP level 4. HP: 28/28 MP: 4/4
  1735 | D:2      | 1735 ||| UPGRADING to +0 ring mail.
  1745 | D:2      | 1745 ||| DROPPING +0 leather armour.
  1746 | D:2      | 1746 ||| READING scroll labelled UWUFFU ENTUOP.
  1747 | D:2      | 1747 ||| READING scroll labelled WOOPUFI NIMEBE.
  1748 | D:2      | 1748 ||| READING 2 scrolls of identify.
  1748 | D:2      | 1748 ||| IDENTIFYING red potion
  1800 | D:3      | 1800 ||| PLANNING SEWER
  1813 | D:3      | 1813 ||| Stepping ~*~*~tactically~*~*~ (outnumbered).
  1824 | D:3      | Reached skill level 1 in Armour
  1891 | D:3      | Noticed an ogre
  1898 | D:3      | Killed an ogre
  1899 | D:3      | Reached skill level 6 in Ranged Weapons
  1899 | D:3      | Reached XP level 5. HP: 32/32 MP: 5/5
  2078 | D:3      | Reached XP level 6. HP: 37/37 MP: 6/6
  2119 | D:3      | Found a glowing drain.
  2120 | D:3      | 2120 ||| READING scroll labelled YHUMUY VOUTOSU.
  2121 | D:3      | 2121 ||| READING scroll labelled EDIESE JANO.
  2122 | D:3      | 2122 ||| READING scroll labelled FEH RUBUKHAN.
  2123 | D:3      | 2123 ||| DRINKING 2 murky red potions.
  2124 | D:3      | 2124 ||| DRINKING 2 white potions.
  2184 | Sewer    | Entered a sewer
  2193 | Sewer    | 2193 ||| Stepping ~*~*~tactically~*~*~ (water).
  2207 | Sewer    | 2207 ||| Stepping ~*~*~tactically~*~*~ (water).
  2210 | Sewer    | 2210 ||| Stepping ~*~*~tactically~*~*~ (water).
  2255 | Sewer    | 2255 ||| Stepping ~*~*~tactically~*~*~ (water).
  2325 | Sewer    | 2325 ||| Stepping ~*~*~tactically~*~*~ (water).
  2372 | Sewer    | Reached skill level 7 in Ranged Weapons
  2469 | Sewer    | 2469 ||| READING scroll of acquirement.
  2469 | Sewer    | 2469 ||| ACQUIRING 992 gold pieces
  2469 | Sewer    | Acquired 992 gold pieces
  2528 | Sewer    | 2528 ||| Stepping ~*~*~tactically~*~*~ (water).
  2664 | Sewer    | 2664 ||| READING 2 scrolls of identify.
  2664 | Sewer    | 2664 ||| IDENTIFYING golden potion
  2665 | Sewer    | 2665 ||| DROPPING potion of degeneration.
  2685 | D:3      | 2685 ||| PLANNING D:1-11
  2733 | D:3      | Found a shimmering blue altar of Sif Muna.
  2734 | D:3      | Found a hazy altar of Hepliaklqana.
  2859 | D:3      | Noticed Ijyb
  2879 | D:3      | Killed Ijyb
  2880 | D:3      | Reached XP level 7. HP: 40/43 MP: 7/7
  3050 | D:3      | 3050 ||| UPGRADING to +0 cloak.
  3055 | D:3      | 3055 ||| READING scroll of enchant armour.
  3055 | D:3      | 3055 ||| ENCHANTING +0 cloak.
  3056 | D:3      | 3056 ||| READING scroll labelled LUREERI OTRU.
  3083 | D:4      | Noticed Natasha
  3092 | D:4      | 3092 ||| STAIRDANCE
  3098 | D:3      | Killed Natasha
  3123 | D:3      | Noticed Natasha
  3128 | D:3      | Killed Natasha
  3143 | D:3      | Noticed Natasha
  3152 | D:3      | Killed Natasha
  3277 | D:4      | Noticed Eustachio
  3288 | D:4      | 3288 ||| Stepping ~*~*~tactically~*~*~ (outnumbered).
  3337 | D:4      | HP: 10/43 [quasit[Eustachio] (1)]
  3338 | D:4      | 3338 ||| READING scroll of teleportation.
  3340 | D:4      | Found a runed translucent gate.
  3340 | D:4      | Found a runed translucent gate.
  3344 | D:4      | HP: 8/43 [kobold/+0 short sword (3)]
  3516 | D:4      | Reached skill level 8 in Ranged Weapons
  3623 | D:4      | 3623 ||| READING scroll of enchant weapon.
  3623 | D:4      | 3623 ||| ENCHANTING +1 shortbow of freezing.
  3651 | D:4      | Noticed Pikel
  3666 | D:4      | HP: 6/43 [Pikel/+2 whip of flaming (10)]
  3666 | D:4      | Slain by a lemure

Levels and vault maps discovered:
D:1:      ncdulo_halloftheorcs, layout_basic,
          shapermc_ecumenical_altar_mp_urbaneastern, minmay_box_of_dots
D:2:      layout_loops_corners
D:3:      kennysheep_goblin_castle, layout_rooms,
          gammafunk_temple_overflow_pools, portal_sewer_entry_c,
          chequers_serial_rivers_small_a, minmay_between
D:4:      layout_basic, ebering_ghost_rock_garden, uniq_eustachio, uniq_pikel,
          uniq_crazy_yiuf_cottage, uniq_menkaure, uniq_natasha

Skill      XL: |  1  2  3  4  5  6  7 |
---------------+----------------------+-----
Ranged Weapons | 5 6 7 8 |  8.1
Fighting       | 3 4 |  4.2
Armour         | 1 2 |  2.1
Dodging        | |  1.5
Stealth        | |  1.1

Action                     |  1- 3 |  4- 6 |  7- 9 || total
---------------------------+-------+-------+-------++-------
   Fire: Shortbow          |   128 |   221 |   164 ||   513
    Use: Scroll            |     5 |     8 |     4 ||    17
         Potion            |       |     2 |       ||     2
 Armour: Leather armour    |    15 |     1 |       ||    16
         Ring mail         |       |    84 |   174 ||   258
         Skin              |       |       |     1 ||     1
  Dodge: Dodged            |    30 |    89 |   168 ||   287

Table legend:
 A = Non-vault XP
 B = Vault XP
 C = Vault XP percentage of total XP
 D = Non-vault monster count
 E = Vault monster count
 F = Vault count percentage of total count
                 A         B        C        D         E       F
            +---------+---------+-------+---------+---------+-------
      Total |     625 |     377 |  37.6 |      85 |      53 |  38.4
            +---------+---------+-------+---------+---------+-------
        D:1 |      54 |       3 |   5.3 |      30 |       2 |   6.2
        D:2 |      34 |       0 |   0.0 |      15 |       0 |   0.0
        D:3 |     292 |     142 |  32.7 |      27 |      27 |  50.0
        D:4 |     245 |       0 |   0.0 |      13 |       0 |   0.0
      Sewer |       0 |     232 | 100.0 |       0 |      24 | 100.0
            +---------+---------+-------+---------+---------+-------
